 Dungeon Crawl Stone Soup version 0.22-a0-619-ga0c6fd2 (webtiles) character file.

1710 iamserjio the Sneak (level 9, -14/81 HPs)
             Began as a Naga Wanderer on July 14, 2018.
             Was a Believer of Trog.
             Demolished by an orc warrior
             ... wielding a cursed -1 flail
              (24 damage)
             ... on level 6 of the Dungeon.
             The game lasted 00:32:37 (8114 turns).

iamserjio the Sneak (Naga Wanderer)                 Turns: 8114, Time: 00:32:39

Health: -14/81     AC:  8    Str: 17    XL:     9   Next: 3%
Magic:  12/12      EV:  9    Int: 13    God:    Trog [**....]
Gold:   265        SH:  0    Dex: 11    Spells: 12/12 levels left

rFire    . . .     SeeInvis +   C - +0 quarterstaff
rCold    + . .     Gourm    .   (shield currently unavailable)
rNeg     . . .     Faith    .   E - +2 robe {rC+}
rPois    +         Spirit   .   p - +0 helmet
rElec    .         Reflect  .   n - +0 cloak
rCorr    .         Harm     .   (no gloves)
MR       +....                  (no barding)
Stlth    ++++......             (no amulet)
HPRegen  0.23/turn              (no ring)
MPRegen  0.13/turn              (no ring)

@: berserk cooldown, slowed, very slow
A: large, see invisible, deformed body, poison resistance, slowness 2, slow
metabolism 1, spit poison 1, AC +3
a: Spit Poison, Berserk, Trog's Hand, Renounce Religion


You were on level 6 of the Dungeon.
You worshipped Trog.
Trog was pleased with you.
You were not hungry.

You visited 1 branch of the dungeon, and saw 6 of its levels.
You also visited: Sewer.

You collected 265 gold pieces.

Inventory:

Hand Weapons
 a - a +2 spear
 b - a +0 dagger
 e - a +0 shortbow
 v - a +0 blowgun
 x - a +2 vampiric short sword
 y - a +0 vampiric rapier
 C - a +0 quarterstaff (weapon)
 D - a +0 scythe
 I - a +2 rapier of holy wrath
 J - a +0 hand crossbow
 Q - a +0 trident
Missiles
 g - 6 needles of frenzy
 j - 190 stones (quivered)
 q - 82 arrows
 w - 55 poisoned needles
 K - 7 bolts
 R - 5 tomahawks of returning
Armour
 d - a +0 robe
 h - a +0 ring mail
 n - a +0 cloak (worn)
 p - a +0 helmet (worn)
 E - a +2 robe of cold resistance (worn)
 G - a +0 chain mail
 H - a +0 scale mail
Wands
 B - a wand of random effects (23)
 F - a wand of iceblast (7)
Scrolls
 i - 2 scrolls of enchant weapon
 k - 2 scrolls of remove curse {@r2}
 l - 2 scrolls of teleportation
 r - a scroll of enchant armour {unknown}
 t - 2 scrolls of random uselessness
 z - 4 scrolls of fear {unknown}
 A - a scroll of blinking
Potions
 c - 2 potions of degeneration
 m - 2 potions of curing {@q1}
 o - 4 potions of might
 s - a potion of mutation
 L - a potion of flight {unknown}
 M - 3 potions of brilliance
 O - a potion of magic {unknown}
 P - a potion of haste {unknown}
 S - a potion of ambrosia {unknown}
Comestibles
 f - 8 rations
 T - 4 chunks of flesh


   Skills:
 + Level 5.1 Fighting
 * Level 6.4 Polearms
 + Level 4.7 Armour
 + Level 7.8 Stealth
   Level 1.0 Shields
 - Level 2.0 Spellcasting
   Level 1.3 Poison Magic
 + Level 2.9 Evocations


You had 12 spell levels left.
You didn't know any spells.
Your spell library contained the following spells:

 Spells                   Type           Power        Failure   Level  Hunger
 Magic Dart               Conj           #...         26%         1    ##.....
 Confuse                  Hex            #.......     58%         3    ####...
 Iskenderun's Mystic Bla  Conj           #.......     94%         4    #####..
 Tukima's Dance           Hex            #.......     58%         3    ####...
 Ignite Poison            Fire/Tmut/Pois #.......     54%         3    ####...
 Ensorcelled Hibernation  Hex/Ice        #.....       36%         2    ###....
 Corona                   Hex            #......      26%         1    ##.....
 Beastly Appendage        Tmut           #.....       26%         1    ##.....
 Fulminant Prism          Conj/Hex       #.........   94%         4    #####..
 Dazzling Spray           Conj/Hex       #.....       58%         3    ####...
 Force Lance              Conj/Tloc      #.......     94%         4    #####..
 Searing Ray              Conj           #.....       36%         2    ###....


Dungeon Overview and Level Annotations

Branches:
Dungeon (6/15)             Temple (0/1) D:4

Altars:
Elyvilon
Fedhas
Makhleb
Sif Muna
Trog
Yredelemnul


Innate Abilities, Weirdness & Mutations

You cannot wear boots.
Your serpentine skin is tough. (AC +3)
You have supernaturally acute eyesight. (SInv)
Armour fits poorly on your strangely shaped body.
Your system is resistant to poisons. (rPois)
You cover ground very slowly.
You have a slow metabolism.
You can spit poison.


Message History

The orc warrior is moderately wounded.
You hit the orc warrior.
The orc warrior is heavily wounded.
The orc warrior hits you with a flail!
* * * LOW HITPOINT WARNING * * *
You hit the orc warrior.
The orc warrior is severely wounded.
You are no longer berserk.
You are exhausted.
You feel yourself slow down. The orc warrior hits you with a flail!
* * * LOW HITPOINT WARNING * * *
Evoke which item? (* to show all) (? for menu, Esc to quit)
Aiming: Scattershot
Press: ? - help, Shift-Dir - straight line, f/p - orc warrior
Aim: an orc warrior, wielding a flail and wearing a plate armour (severely wounded)
The burst of metal fragments hits the orc warrior. x6
The orc warrior is almost dead.
The now-empty wand crumbles to dust.
The orc warrior hits you with a flail!!
You die...

#....gg.....
#...........
#...........
#(######
#.(o)..#
######.# #.#
#o# #@# #.#
#.# #<# #.#
###


You could see an orc warrior.

Vanquished Creatures
  Grinder (Sewer)
  Sigmund (D:3)
  Menkaure (D:4)
  A phantom (D:4)
  3 ogres (D:5)
  2 centaurs
  2 big kobolds (Sewer)
  A jelly (D:4)
  A quasit (Sewer)
  A hound (D:4)
  An orc priest (D:4)
  An orc wizard (D:4)
  3 worker ants
  A killer bee zombie (D:5)
  A big kobold zombie (Sewer)
  A hound skeleton (D:4)
  11 adders
  A gnoll (D:6)
  A river rat (D:5)
  5 ufetubi (Sewer)
  4 oozes
  An adder zombie (Sewer)
  2 worms
  4 dart slugs
  7 leopard geckos
  9 orcs
  4 ball pythons
  A bat zombie (Sewer)
  3 giant cockroaches
  4 goblins
  6 hobgoblins
  9 jackals
  3 quokkas
  2 bats
  3 frilled lizards
  2 giant cockroach zombies
  25 kobolds
  A kobold zombie (Sewer)
  11 rats
141 creatures vanquished.

Vanquished Creatures (collateral kills)
  A giant cockroach (D:4)
1 creature vanquished.

Vanquished Creatures (others)
  A human (D:5)
  A howler monkey (D:5)
  An iguana (D:4)
  A hound skeleton (D:5)
  An adder (D:5)
  2 giant cockroaches (D:5)
  2 jackals (D:5)
  2 kobold zombies (Sewer)
11 creatures vanquished.

Grand Total: 153 creatures vanquished

Notes
Turn   | Place    | Note
-------+----------+-------------------------------------------
     0 | D:1      | iamserjio the Naga Wanderer began the quest for the Orb.
     0 | D:1      | iamserjio set off with: a +2 spear, a potion of lignification, a +0 robe, a ration
     0 | D:1      | Reached XP level 1. HP: 19/19 MP: 3/3
    59 | D:1      | Reached skill level 2 in Stealth
   601 | D:1      | Reached XP level 2. HP: 20/26 MP: 5/5
  1343 | D:2      | Reached skill level 3 in Stealth
  1343 | D:2      | Reached XP level 3. HP: 29/33 MP: 6/6
  1783 | D:2      | Found a bloodstained altar of Trog.
  1788 | D:2      | Became a worshipper of Trog the Wrathful
  2489 | D:3      | Reached skill level 1 in Polearms
  2489 | D:3      | Reached XP level 4. HP: 40/40 MP: 7/7
  3079 | D:3      | Reached * piety under Trog
  3412 | D:3      | Noticed Sigmund
  3649 | D:4      | Reached skill level 4 in Stealth
  3649 | D:4      | Reached XP level 5. HP: 47/49 MP: 8/8
  3763 | D:4      | Noticed Menkaure
  3874 | D:4      | Noticed a phantom
  3884 | D:4      | Noticed a centaur
  3934 | D:4      | Killed a centaur
  3934 | D:4      | Reached XP level 6. HP: 32/56 MP: 9/9
  4184 | D:4      | Killed a phantom
  4251 | D:4      | Reached skill level 5 in Stealth
  4286 | D:4      | Found a white marble altar of Elyvilon.
  4448 | D:4      | Found a staircase to the Ecumenical Temple.
  4719 | D:3      | Killed Sigmund
  4719 | D:3      | Reached XP level 7. HP: 64/64 MP: 10/10
  4851 | D:5      | Entered Level 5 of the Dungeon
  4894 | D:5      | Found a glowing drain.
  4951 | Sewer    | Entered a sewer
  5633 | Sewer    | Found a burning altar of Makhleb.
  5660 | Sewer    | Reached skill level 6 in Stealth
  5687 | Sewer    | Reached ** piety under Trog
  5739 | Sewer    | Noticed Grinder
  5862 | Sewer    | Reached skill level 1 in Evocations
  5884 | Sewer    | Killed Grinder
  5884 | Sewer    | Reached skill level 5 in Polearms
  5884 | Sewer    | Reached XP level 8. HP: 33/73 MP: 11/11
  6489 | D:5      | Reached skill level 7 in Stealth
  7218 | D:5      | Found a runed door.
  7223 | D:5      | Found a basalt altar of Yredelemnul.
  7481 | D:5      | Reached skill level 5 in Fighting
  7759 | D:4      | Killed Menkaure
  7759 | D:4      | Reached XP level 9. HP: 53/81 MP: 12/12
  7991 | D:4      | Found a deep blue altar of Sif Muna.
  7996 | D:4      | Found a blossoming altar of Fedhas.
  8007 | D:4      | Found a burning altar of Makhleb.
  8114 | D:6      | Demolished by an orc warrior

Vault maps used:
D:1:      dpeg_arrival_round_c, hex_intersection, serial_bayou_ford_a
D:2:      lightli_temple_of_fire
D:3:      first_ration, uniq_sigmund
D:4:      lemuel_doored_altar, minmay_overflow_temple_star_quad,
          minmay_temple_entry_butterflies, uniq_menkaure
D:5:      portal_sewer_entry_a, dk_yredelemnul_ordeal
D:6:      amethyst_overflow_temple_binary, serial_shops, shop
Sewer:    kennysheep_sewer_church

Skill      XL: |  1  2  3  4  5  6  7  8 |
---------------+-------------------------+-----
Stealth        | 2 3 4 5 6 7 |  7.8
Polearms       | 1 2 3 4 5 6 |  6.4
Armour         | 3 4 |  4.7
Fighting       | 3 4 5 |  5.1
Evocations     | 1 2 |  2.9
Shields        | |  1.0
Spellcasting   | |  2.0
Poison Magic   | |  1.3

Action                   |  1- 3 |  4- 6 |  7- 9 || total
-------------------------+-------+-------+-------++-------
Melee: Spear             |    80 |   142 |   247 ||   469
       Quarterstaff      |       |       |    85 ||    85
 Fire: Blowgun           |       |     1 |     9 ||    10
       Shortbow          |       |    27 |       ||    27
       Hand crossbow     |       |       |     2 ||     2
Throw: Stone             |       |     2 |     6 ||     8
Invok: Berserk           |       |     1 |     5 ||     6
       Trog's Hand       |       |       |     2 ||     2
 Abil: Spit Poison       |    23 |    15 |    17 ||    55
Evoke: Wand              |       |       |     6 ||     6
  Use: Scroll            |       |     7 |     3 ||    10
       Potion            |       |       |     1 ||     1
 Stab: Sleeping          |     3 |     1 |     3 ||     7
       Distracted        |       |       |     1 ||     1
  Eat: Chunk             |     5 |     7 |     5 ||    17
       Ration            |       |       |     3 ||     3
Armor: Ring mail         |    13 |    51 |     7 ||    71
       Robe              |       |       |   177 ||   177
       Skin              |       |       |     5 ||     5
Dodge: Dodged            |    27 |    49 |   176 ||   252

Table legend:
 A = Spawn XP
 B = Non-spawn XP
 C = Spawn XP percentage of total XP
 D = Spawn monster count
 E = Non-spawn monster count
 F = Spawn count percentage of total count
 G = Total turns spent on level
                    A         B        C        D         E        F      G
               +---------+---------+-------+---------+---------+-------+---------
         Total |       0 |    2443 |   0.0 |       0 |     142 |   0.0 |  8114
               +---------+---------+-------+---------+---------+-------+---------
           D:1 |       0 |      28 |   0.0 |       0 |      12 |   0.0 |  1312
           D:2 |       0 |      37 |   0.0 |       0 |      17 |   0.0 |  1100
           D:3 |       0 |     329 |   0.0 |       0 |      30 |   0.0 |  1371
           D:4 |       0 |     714 |   0.0 |       0 |      22 |   0.0 |  1920
           D:5 |       0 |     643 |   0.0 |       0 |      21 |   0.0 |   953
           D:6 |       0 |      28 |   0.0 |       0 |       2 |   0.0 |    57
         Sewer |       0 |     664 |   0.0 |       0 |      38 |   0.0 |  1401
               +---------+---------+-------+---------+---------+-------+---------
